 Dungeon Crawl Stone Soup version 0.28.0-49-g6dfe1f597d (webtiles) character file.

Game seed: 6162044095924496728

97 Zeld the Magician (level 4, -2/24 HPs)
             Began as a Deep Elf Fire Elementalist on May 19, 2022.
             Slain by an iron imp (8 damage)
             ... on level 3 of the Dungeon.
             The game lasted 00:02:18 (2840 turns).

Zeld the Magician (Deep Elf Fire Elementalist)      Turns: 2840, Time: 00:02:19

Health: -2/24      AC:  4    Str:  5    XL:     4   Next: 42%
Magic:  7/12       EV: 13    Int: 22    God:
Gold:   73         SH:  0    Dex: 15    Spells: 4/11 levels left

rFire   . . .      SeeInvis .   h - +1 falchion (venom)
rCold   . . .      Faith    .   (no shield)
rNeg    . . .      Spirit   .   g - +0 robe
rPois   .          Reflect  .   i - +0 helmet
rElec   .          Harm     .   (no cloak)
rCorr   .          Rampage  .   c - +0 pair of gloves
Will    .....                   (no boots)
Stlth   ++........              (no amulet)
HPRegen 0.08/turn               (no ring)
MPRegen 0.13/turn               (no ring)

@: no status effects
A: no striking features
a: no special abilities


You were on level 3 of the Dungeon.
You visited 1 branch of the dungeon, and saw 3 of its levels.

You collected 109 gold pieces.
You spent 36 gold pieces at shops.

Inventory:

Hand Weapons
 h - a +1 falchion of venom (weapon)
Armour
 c - a +0 pair of gloves (worn)
 g - a +0 robe (worn)
 i - a +0 helmet (worn)
Scrolls
 a - a scroll of holy word {unknown}
 d - a scroll of fog {unknown}
 f - a scroll of teleportation {unknown}
Potions
 b - 2 potions of ambrosia {unknown}
 e - a potion of curing


   Skills:
 + Level 3.2 Dodging
 - Level 2.4 Stealth
 * Level 4.3 Spellcasting
 + Level 2.1 Conjurations
 * Level 4.2 Fire Magic


You had 4 spell levels left.
You knew the following spells:

 Your Spells              Type           Power      Damage    Failure   Level
a - Foxfire               Conj/Fire      72%        2x1d7     3%          1
b - Scorch                Fire           46%        2d7       2%          2
c - Flame Wave            Conj/Fire      18%        2d6       28%         4

Your spell library contained the following spells:

 Spells                   Type           Power      Damage    Failure   Level
 Shock                    Conj/Air       36%        1d5       7%          1
 Conjure Flame            Conj/Fire      18%        6-21      9%          3
 Inner Flame              Hex/Fire       14%        N/A       14%         3
 Swiftness                Air            4%         N/A       32%         3
 Airstrike                Air            2%         N/A       71%         4


Dungeon Overview and Level Annotations

Branches:
Dungeon (3/15)

Altars:
Cheibriados

Shops:
D:1 *


Message History

Confirm with . or Enter, or press ? or * to list all spells.
You can't see any susceptible monsters within range! (Use Z to cast anyway.)
You barely miss the iron imp.
The iron imp is heavily wounded.
The iron imp hits you but does no damage.
You barely miss the iron imp.
The iron imp is heavily wounded.
The iron imp misses you. The iron imp closely misses you.
You hit the iron imp.
The iron imp is severely wounded.
The iron imp barely misses you.
You barely miss the iron imp.
You punch the iron imp, but do no damage.
The iron imp is severely wounded.
The iron imp hits you.
You hit the iron imp but do no damage.
The iron imp is severely wounded.
The iron imp hits you.
You are too injured to fight recklessly!
You hit the iron imp but do no damage.
The iron imp is severely wounded.
The iron imp hits you.
* * * LOW HITPOINT WARNING * * *
You are too injured to fight recklessly!
You hit the iron imp but do no damage.
The iron imp is severely wounded.
The iron imp hits you.
* * * LOW HITPOINT WARNING * * *
You hit the iron imp but do no damage.
The iron imp is severely wounded.
The iron imp hits you but does no damage.
Unknown command.
You hit the iron imp.
The iron imp is almost dead.
The iron imp barely misses you.
Unknown command.
You hit the iron imp.
The iron imp is poisoned.
The iron imp is almost dead.
The iron imp hits you!
You die...

#.# #.# #.#
#.# #.##
#..#
##########.#
#.....#....#
#..5@.'....#
#_....'..8.#
#.....'....#
#.....#....#
############


You could see an iron imp (very poisoned).

Vanquished Creatures
  Robin (D:2)
  3 adders (D:2)
  A worm (D:2)
  A ball python (D:1)
  6 endoplasms
  3 giant cockroaches (D:1)
  6 goblins
  9 hobgoblins
  2 jackals (D:1)
  5 quokkas (D:1)
  3 bats (D:2)
  3 frilled lizards
  3 kobolds (D:2)
  6 rats
52 creatures vanquished.

Vanquished Creatures (others)
  27 foxfires
27 creatures vanquished.

Grand Total: 79 creatures vanquished

Notes
Turn   | Place    | Note
-------+----------+-------------------------------------------
     0 | D:1      | Zeld the Deep Elf Fire Elementalist began the quest for the
                  | Orb.
     0 | D:1      | Reached XP level 1. HP: 10/10 MP: 6/6
   299 | D:1      | Reached XP level 2. HP: 15/15 MP: 4/8
   302 | D:1      | Learned a level 2 spell: Scorch
   813 | D:1      | Found Gatorumn's General Store.
  1250 | D:1      | Bought a potion of curing for 36 gold pieces
  1377 | D:2      | Reached XP level 3. HP: 16/19 MP: 2/10
  1845 | D:2      | Noticed Robin
  2302 | D:2      | Killed Robin
  2303 | D:2      | Reached XP level 4. HP: 24/24 MP: 2/12
  2628 | D:2      | Learned a level 4 spell: Flame Wave
  2815 | D:3      | Found a snail-covered altar of Cheibriados.
  2840 | D:3      | Slain by an iron imp

Illustrated notes

Levels and vault maps discovered:
D:1:      sevenhm_arrival_forest_fort_small_3, layout_loops_ring, serial_shops,
          nicolae_diamond_shop, st_stairs_1, hex_medium, roderic_lattice_a,
          minivault_11, minmay_pentomino_s2
D:2:      layout_rooms, serial_aquarium, aquarium_bridge_straight
          [aquarium_subvault_bridge, aquarium_subvault_wall,
          aquarium_subvault_bridge, aquarium_subvault_balcony],
          aquarium_bridge_long_separate [aquarium_subvault_window,
          aquarium_subvault_bridge, aquarium_subvault_window,
          aquarium_subvault_bridge, aquarium_subvault_bridge,
          aquarium_subvault_window], aquarium_window_3, aquarium_window_fake,
          aquarium_window_double, aquarium_view_2c, aquarium_balcony_1b,
          uniq_robin
D:3:      layout_basic, slow_altar_2

Skill      XL: |  1  2  3 |
---------------+----------+-----
Dodging        | 3 |  3.2
Fire Magic     | 4 |  4.2
Spellcasting   | 4 |  4.3
Conjurations   | 2 |  2.1
Stealth        | |  2.4

Action                   |  1- 3 |  4- 6 || total
-------------------------+-------+-------++-------
Melee: Unarmed           |    10 |       ||    10
       Falchion          |       |    25 ||    25
       Punch             |       |     1 ||     1
 Cast: Foxfire           |    16 |       ||    16
       Scorch            |    43 |    11 ||    54
 Stab: Sleeping          |       |     3 ||     3
Armor: Robe              |     4 |     5 ||     9
Dodge: Dodged            |    21 |    19 ||    40
